[Event "1. Bamberg-Open 2018"]
[Site "Bamberg"]
[Date "2018.05.10"]
[Round "2"]
[White "Scholz, Christian"]
[Black "Chennaoui, Yasin"]
[Result "1-0"]
[ECO "D30"]
[WhiteElo "2388"]
[BlackElo "2103"]
[Annotator "RC"]
[PlyCount "60"]
[EventDate "2018.??.??"]
[EventType "swiss"]
[EventCountry "GER"]
[SourceTitle "playchess.com"]
[Source "ChessBase"]
[SourceQuality "1"]
[TimeControl "40/5400+30:900+30"]

1. d4 Nf6 2. c4 e6 3. Nf3 d5 4. Bg5 Be7 5. cxd5 exd5 6. Qc2 c6 7. e3 Nbd7 8. Bd3 Nh5 9. Bxe7 Qxe7 10. O-O g6 11. e4 dxe4 12. Bxe4 O-O 13. Re1 Qd6 14. Nbd2 Nb6 15. a4 Bg4 16. a5 Bxf3 17. Bxf3 Nd5 18. Ne4 Qf4 19. a6 Nb4 20. Qb3 Nxa6 21. Bxh5 gxh5 22. Qxb7 f5 23. Nf6+ Rxf6 24. Qxa8+ Rf8 25. Re8 Nb8 26. Rxf8+ Kxf8 27. g3 Qd6 28. Rxa7 Ke8 29. Rb7 Kd8 30. Rxb8+ Qxb8 1-0

[Event "1. Bamberg-Open 2018"]
[Site "Bamberg"]
[Date "2018.05.10"]
[Round "2"]
[White "Gegenfurtner, Juergen"]
[Black "Roehl, Rainer"]
[Result "1-0"]
[ECO "B32"]
[WhiteElo "2289"]
[BlackElo "2080"]
[Annotator "NA"]
[PlyCount "69"]
[EventDate "2018.??.??"]
[EventType "swiss"]
[EventCountry "GER"]
[SourceTitle "playchess.com"]
[Source "ChessBase"]
[SourceQuality "1"]
[TimeControl "40/5400+30:900+30"]

1. e4 c5 2. Nf3 Nc6 3. d4 cxd4 4. Nxd4 e5 {[%emt 0:00:15] LiveBook: 5731 Games} 5. Nb5 a6 6. Nd6+ Bxd6 7. Qxd6 Qf6 8. Qd1 Qg6 9. Nc3 Nf6 10. Qd6 Nh5 {[%emt 0:01:10] B32: Sicilian: Löwenthal and Kalashnikov Variations} 11. Qxg6 hxg6 12. Be3 Nf6 13. Bb6 $146 ({Predecessor:} 13. Bc5 b5 14. a3 Bb7 15. O-O-O O-O-O 16. Be2 Nb8 17. Bf3 d5 18. exd5 {1-0 (28) Yagupov,I (2512)-Domogaev,S (2340) Tula 2005}) 13... d6 14. O-O-O Be6 (14... Ke7 $142) 15. Rxd6 Nd7 16. Be3 Ke7 17. Rd2 f5 18. Bg5+ Nf6 19. Be2 (19. f4 $18) 19... Rac8 20. f4 Kf7 21. Bf3 Nh7 22. Bh4 exf4 23. Re1 (23. exf5 $16 gxf5 24. Re1) 23... g5 $1 24. Bf2 Nf6 25. h3 g4 $14 ({Black should try} 25... Rce8 $11) 26. exf5 Bxf5 27. hxg4 Nxg4 28. Bb6 Nf6 29. Nd5 Nxd5 30. Bxd5+ Kg6 31. Bb3 Rce8 32. Rf1 Bg4 33. Rd6+ Kg5 34. Rd5+ Re5 35. Bc7 1-0

[Event "1. Bamberg-Open 2018"]
[Site "Bamberg"]
[Date "2018.05.10"]
[Round "2"]
[White "Schulz, Lukas"]
[Black "Boehme, Markus"]
[Result "1-0"]
[ECO "C36"]
[WhiteElo "2276"]
[BlackElo "2071"]
[Annotator "ChessBase"]
[PlyCount "79"]
[EventDate "2018.??.??"]
[EventType "swiss"]
[EventCountry "GER"]
[SourceTitle "playchess.com"]
[Source "ChessBase"]
[SourceQuality "1"]
[TimeControl "40/5400+30:900+30"]

1. e4 e5 2. f4 d5 3. exd5 exf4 4. Nf3 Nf6 5. Bb5+ c6 6. dxc6 Nxc6 7. d4 Bd6 8. O-O O-O 9. c3 Bg4 10. Nbd2 Rc8 11. Bd3 Re8 12. Re1 Qd7 13. Ne4 Nxe4 14. Rxe4 Bf5 15. Rxe8+ Rxe8 16. Qc2 Ne7 17. Bd2 Bxd3 18. Qxd3 h6 19. Re1 Nd5 20. Kf2 Nf6 21. Kf1 Rxe1+ 22. Bxe1 Qe6 23. c4 g5 24. d5 Qe3 25. Qxe3 fxe3 26. g3 b5 27. Bc3 Ne8 28. cxb5 Nc7 29. a4 Bc5 30. Bd4 Bxd4 31. Nxd4 Nxd5 32. Ke2 Kf8 33. Nc6 Nb6 34. a5 Nc8 35. Nxa7 Nxa7 36. b6 Nc6 37. a6 Nd4+ 38. Kxe3 Nf5+ 39. Kd3 Ne7 40. a7 1-0

[Event "1. Bamberg-Open 2018"]
[Site "Bamberg"]
[Date "2018.05.10"]
[Round "2"]
[White "Maier, Alexander"]
[Black "Voelz, Stephan"]
[Result "1-0"]
[ECO "B21"]
[WhiteElo "2267"]
[BlackElo "1917"]
[Annotator "NA"]
[PlyCount "37"]
[EventDate "2018.??.??"]
[EventType "swiss"]
[EventCountry "GER"]
[SourceTitle "playchess.com"]
[Source "ChessBase"]
[SourceQuality "1"]
[TimeControl "40/5400+30:900+30"]

1. e4 c5 2. d4 cxd4 3. c3 Nf6 4. e5 Nd5 5. Nf3 d6 6. cxd4 Nc6 7. Bc4 Nb6 8. Bb5 a6 9. Bxc6+ $1 bxc6 10. Qc2 {[%emt 0:03:13] LiveBook: 7 Games B22: Sicilian: 2 c3} Bb7 (10... Qc7 11. O-O d5 12. h3 a5 13. a4 Ba6 14. Re1 e6 15. b3 Bb4 16. Bd2 Nd7 17. Bxb4 axb4 {0-1 (33) Cherniaev,A (2431)-Smeets,J (2593) London 2008}) 11. e6 f6 12. Nc3 $146 ({Predecessor:} 12. O-O g6 13. h4 Qc8 14. Re1 c5 15. Qb3 Qc6 16. dxc5 dxc5 17. Nc3 Rd8 {1-0 (28) Kusenkova,N (2047)-Revo,T (2038) Minsk 2011}) 12... Qc7 13. a4 Rc8 14. Qd3 (14. a5 $16 Nd5 15. O-O) 14... Nd5 15. Nxd5 cxd5 16. O-O Qc2 (16... g6 $16) 17. Qa3 Rc4 $2 (17... g5 $16) 18. Bd2 Bc8 $18 19. b3 1-0

[Event "1. Bamberg-Open 2018"]
[Site "Bamberg"]
[Date "2018.05.10"]
[Round "2"]
[White "Goldbeck, Lars"]
[Black "Gebhardt, Christian"]
[Result "1-0"]
[ECO "D02"]
[WhiteElo "2247"]
[BlackElo "1899"]
[Annotator "NA"]
[PlyCount "81"]
[EventDate "2018.??.??"]
[EventType "swiss"]
[EventCountry "GER"]
[SourceTitle "playchess.com"]
[Source "ChessBase"]
[SourceQuality "1"]
[TimeControl "40/5400+30:900+30"]

1. d4 Nf6 2. Nf3 d5 3. Bf4 c5 4. e3 Nc6 5. Nc3 a6 {[%emt 0:14:37] D02: 1 d4 d5 2 Nf3 sidelines, including 2...Nf6 3 g3 and 2...Nf6 3 Bf4} (5... Bg4 6. Be2 e6 7. O-O Bxf3 8. Bxf3 cxd4 9. exd4 Bd6 10. Be3 a6 11. Ne2 Qc7 12. g3 O-O 13. Nc1 b5 14. Nd3 b4 15. Kg2 Rfc8 16. Qe2 Qb6 17. Rfc1 {½-½ (115) Kovalev,V (2641)-Onischuk,A (2685) Khanty-Mansiysk 2017}) 6. Ne5 e6 {[%emt 0:04:39] LiveBook: 4 Games} 7. Bd3 c4 $146 (7... Nxe5 $15 8. dxe5 Nd7) ({Predecessor:} 7... cxd4 8. Nxc6 bxc6 9. exd4 Qb6 10. Be5 Nd7 11. Rb1 Nxe5 12. dxe5 {0-1 (45) Spivak,I (2346)-Meissner,F (2238) Germany 2014}) 8. Be2 Bb4 (8... Bd7 $5) 9. O-O Bxc3 10. bxc3 Ne4 11. Qe1 Qa5 12. Bh5 O-O 13. f3 Nf6 $1 14. Bg4 Nxe5 15. Bxe5 Nxg4 16. fxg4 f6 17. Bd6 Rf7 18. g5 Bd7 $2 {[%emt 0:03:05] [#]} (18... f5 $11 {and Black is okay.}) 19. gxf6 $1 gxf6 {[%emt 0:03:10] [#]} 20. Rf3 (20. Rf4 $1 $18) 20... Be8 21. h3 Rd8 22. Bb4 (22. Qh4 $142 Kh8 23. Bb4) 22... Qc7 23. Qh4 f5 24. Qh6 $2 ({White must play} 24. Rg3+ $18 Kh8 25. Rg6) 24... Bd7 $2 {[%emt 0:03:58] [#]} (24... Ba4 $14) 25. Bd6 $1 Qxd6 26. Qg5+ Kh8 27. Qxd8+ Rf8 28. Qg5 Ba4 29. Rg3 $18 Qc7 30. Rb1 b5 31. Rc1 Qf7 32. Qf4 Qf6 33. Kf2 h6 34. Ke2 Kh7 35. Kd2 Rf7 36. h4 Rg7 37. Rf1 Rxg3 38. Qxg3 Qe7 39. h5 Qg5 40. Rf3 Kg7 41. Qe5+ 1-0

[Event "1. Bamberg-Open 2018"]
[Site "Bamberg"]
[Date "2018.05.10"]
[Round "2"]
[White "Hovsepyan, Vardan"]
[Black "Achatz, Michael"]
[Result "1-0"]
[ECO "C42"]
[WhiteElo "2244"]
[BlackElo "1858"]
[Annotator "NA"]
[PlyCount "107"]
[EventDate "2018.??.??"]
[EventType "swiss"]
[EventCountry "GER"]
[SourceTitle "playchess.com"]
[Source "ChessBase"]
[SourceQuality "1"]
[TimeControl "40/5400+30:900+30"]

1. e4 e5 2. Nf3 Nf6 3. Nc3 Bb4 4. Nxe5 Qe7 5. Nd3 Bxc3 {[%emt 0:03:12] LiveBook: 23 Games} 6. dxc3 Qxe4+ 7. Qe2 O-O {[%emt 0:02:31] C42: Petroff Defence: 3 Nxe5 and unusual White 3rd moves} 8. Qxe4 Nxe4 9. Bf4 d6 10. f3 Nf6 11. O-O-O $146 ({Predecessor:} 11. Kf2 Nc6 12. Be2 Be6 13. Bd2 Rfe8 14. g4 Ne5 15. b3 {½-½ (44) Adams,P-Mannion,S (2350) Oban 2000}) 11... Nc6 12. Bg5 Nd7 13. Bh4 Nb6 14. Nf4 Bd7 15. b3 Ne5 16. c4 Ng6 17. Nxg6 hxg6 18. Bg3 Rac8 19. h4 Rfe8 20. Bf4 f5 21. Bd3 Kf7 22. a4 Bc6 23. h5 Nd7 (23... Rh8 $16) 24. hxg6+ Kxg6 {[%emt 0:00:29] [#]} 25. g4 (25. Rh5 $1 $18 {is the precise move to win.}) 25... Kf6 26. Bxf5 Rcd8 27. Rdf1 ({White should try} 27. Rh5 $18) 27... Ne5 28. Bxe5+ Rxe5 29. Rh2 Rde8 30. Kd2 d5 31. f4 Re3 32. Bd3 Rg3 33. g5+ Kf7 34. Re2 Rxe2+ 35. Kxe2 d4 36. a5 Rg2+ 37. Rf2 Rg1 38. Rh2 Bd7 39. Kf2 Ra1 40. g6+ Kg8 41. Rh5 c6 42. Re5 Kf8 43. Kf3 Rg1 44. f5 b6 45. axb6 axb6 46. c5 $18 b5 47. Re4 Rg5 48. Rxd4 Ke7 49. Kf4 Rg2 50. Ke5 Rf2 51. Rh4 Rf3 52. Rh7 Kf8 53. Rh8+ Ke7 54. Rg8 1-0

[Event "1. Bamberg-Open 2018"]
[Site "Bamberg"]
[Date "2018.05.10"]
[Round "2"]
[White "Brenner, Markus"]
[Black "Schulz, Karsten"]
[Result "1/2-1/2"]
[ECO "B07"]
[WhiteElo "2079"]
[BlackElo "2246"]
[Annotator "NA"]
[PlyCount "99"]
[EventDate "2018.??.??"]
[EventType "swiss"]
[EventCountry "GER"]
[SourceTitle "playchess.com"]
[Source "ChessBase"]
[SourceQuality "1"]
[TimeControl "40/5400+30:900+30"]

1. e4 d6 2. d4 Nf6 3. Nc3 e5 4. Nf3 exd4 5. Nxd4 Be7 {[%emt 0:00:07] LiveBook: 2422 Games} 6. g3 O-O 7. Bg2 Re8 8. O-O c6 9. h3 Bf8 10. Re1 Nbd7 11. a4 a5 {[%emt 0:00:08] B07: Pirc Defence: Miscellaneous Systems} 12. b3 (12. g4 g6 13. Bf4 Nc5 14. Qd2 Qb6 {0-1 (37) Robson,R (2628)-Gelashvili,T (2572) Arlington 2013}) 12... Nc5 13. Bf4 Nfd7 14. Qd2 Ne5 15. Rad1 $146 Qc7 16. g4 Bd7 17. Bg3 f6 18. f4 Nf7 19. Qf2 Rad8 20. Kh2 Bc8 21. Bf3 Qb6 22. Qd2 g6 23. Nb1 Bh6 24. Qc3 Bg7 25. Na3 Qc7 26. Nc4 b6 27. Bg2 Bb7 {[%emt 0:03:42] [#]} (27... Ba6 $14) 28. Qd2 (28. b4 $1 $16 axb4 29. Qxb4) 28... Ba6 29. Qc3 (29. Na3 $14) 29... Bb7 30. Qd2 Re7 31. Qf2 Rde8 32. Nd2 Qc8 33. Bf3 d5 34. exd5 cxd5 35. Nb5 Ne4 36. Bxe4 dxe4 37. Nc4 e3 38. Rxe3 Rxe3 39. Nxe3 Qc5 40. Nd5 Qxf2+ 41. Bxf2 Re2 42. Kg3 Rxc2 43. Bxb6 Rb2 44. Bxa5 Rxb3+ 45. Kh2 h5 46. Bc3 (46. gxh5 $16 gxh5 47. Bc3) 46... hxg4 47. hxg4 Nh6 48. Ne3 Bc6 49. Rd8+ Kh7 $14 50. Rc8 1/2-1/2

[Event "1. Bamberg-Open 2018"]
[Site "Bamberg"]
[Date "2018.05.10"]
[Round "2"]
[White "Rein, Joachim"]
[Black "Epding, Olaf"]
[Result "0-1"]
[ECO "D00"]
[WhiteElo "1942"]
[BlackElo "2238"]
[Annotator "NA"]
[PlyCount "72"]
[EventDate "2018.??.??"]
[EventType "swiss"]
[EventCountry "GER"]
[SourceTitle "playchess.com"]
[Source "ChessBase"]
[SourceQuality "1"]
[TimeControl "40/5400+30:900+30"]

1. d4 d5 2. e3 c5 3. f4 Nc6 4. c3 Nf6 5. Bd3 Bg4 6. Nf3 e6 7. O-O Bd6 8. Nbd2 {[%emt 0:02:07] D00: 1 d4 d5: Unusual lines} (8. Qe1 Bf5 9. Be2 Qb6 10. Kh1 h6 11. a4 c4 12. Ne5 Na5 13. Nd2 Ne4 14. Nef3 O-O-O 15. Nxe4 Bxe4 {0-1 (60) Sotsky,A (2348)-Kamsky,G (2648) Novi Sad 2016}) 8... cxd4 9. cxd4 O-O 10. Qe1 Nb4 11. Bb1 Bf5 $146 ({Predecessor:} 11... Rc8 12. Ne5 Bf5 13. Bxf5 exf5 14. Qg3 Ne4 15. Qh3 Rxc1 16. Rfxc1 Nxd2 17. Qxf5 Bxe5 18. fxe5 {0-1 (69) Montell Lorenzo,J (2270)-Cuartas,J (2529) Sitges 2010}) 12. e4 dxe4 13. Nxe4 Rc8 14. Bd2 Nbd5 15. Nxd6 Qxd6 16. Nh4 Rfe8 17. Qe5 (17. Qd1 $17 {was worth a try.}) 17... Qb6 18. Nf3 Ng4 ({Much less strong is} 18... Qxb2 19. Bxf5 exf5 20. Qxf5 $17) 19. Qe2 Qxb2 20. Bxf5 exf5 21. Qd3 Qc2 22. Qa3 Qc7 23. Rac1 {[%emt 0:04:06] [#]} Qb8 $1 24. Rxc8 Rxc8 ({Much less strong is} 24... Qxc8 25. Qxa7 Qa8 26. Qxa8 $17) 25. h3 Ngf6 ({Weaker is} 25... Nxf4 26. hxg4 Ne2+ 27. Kf2 $14) 26. Ne5 Ne4 27. Be1 Rd8 28. Bh4 f6 29. Nd3 b6 30. Qb3 $2 (30. Bf2) 30... Nd2 31. Qa4 Nxf1 32. Kxf1 Qc7 $19 33. Kg1 Nxf4 34. Nxf4 Qxf4 35. Bf2 Rc8 36. g3 Rc1+ 0-1